Cogmind - Beta 11.1 @@@ ROGUE MODE // 2022.05.08 @ 12:16:09 Player: aperiodic Result: Destroyed by G-50 Soldier with Heavy Laser Performance ------------- Evolutions (3) 1500 Regions Visited (13) 2600 Robots Destroyed (367) 1835 Value Destroyed (13084) 13084 Prototype IDs (32) 640 Alien Tech Used (0) 0 Bonus (4453) 4453 TOTAL SCORE: 24112 Bonus ------- High Alert Combat Kills 2388 Follower Combat Kills 489 Entered Garrisons 600 Used RIF Installer 1500 Friendly Fire -524 Cogmind --------- Core Integrity 0/700 Matter 290/300 Energy 88/100 System Corruption 4% Temperature Cool (9) Movement Rolling (90) Location -7/Factory Parts ------- > --- POWER (1) -------- (None) > --- PROPULSION (2) --- Armored Wheel > --- UTILITY (8) ------ Experimental Sensor Array Relay Coupler [NC] (30) Relay Coupler [Hunter] (14) Relay Coupler [Behemoth] (7) Relay Coupler [Behemoth] (8) System Restoration Module > --- WEAPON (2) ------- Shock Bomb Launcher Remote Datajack > --- INVENTORY (5) ---- Huge Storage Unit Damper Plating Peak State ------------ > --- POWER ------------ Cooled Deuterium Engine > --- PROPULSION ------- Armored Huge Wheel > --- UTILITY ---------- Huge Storage Unit Advanced Trap Scanner Experimental Sensor Array Improved Signal Interpreter Advanced Targeting Computer Advanced Transmission Jammer Relay Coupler [NC] Relay Coupler [Sentry] > --- WEAPON ----------- Gatling Laser Improved Spread Laser > --- INVENTORY -------- Armored Huge Wheel Improved Cooling System Medium Reactive Plating Damper Plating Improved Shield Generator Relay Coupler [NC] Relay Coupler [NC] Relay Coupler [NC] Relay Coupler [Sentry] Relay Coupler [Hunter] Relay Coupler [Hunter] Relay Coupler [Behemoth] Relay Coupler [Behemoth] Advanced System Restoration Module Long-range Tractor Beam Improved EM Pulse Cannon Proton Missile Launcher Heavy Missile Launcher Remote Datajack Plasma Cutter Powered Hammer [Rating: 67] Favorites ----------- Power Cooled Deuterium Engine Engine Cooled Deuterium Engine Power Core Light Nuclear Core Propulsion Light Treads Treads Light Treads Leg Aluminum Leg Wheel Wheel Utility Advanced Targeting Computer Device Improved Cooling System Storage Huge Storage Unit Processor Advanced Targeting Computer Hackware Relay Coupler [NC] Protection Improved Medium Armor Plating Weapon Gatling Laser Energy Gun Gatling Laser Energy Cannon Advanced Beam Cannon Ballistic Gun Light Assault Rifle Ballistic Cannon Battle Cannon Launcher Shock Bomb Launcher Special Weapon Remote Datajack Impact Weapon Powered Hammer Slashing Weapon Greatsword Special Melee Weapon Improved Datajack Build | -11 -10 -10 -9 -9 -8 -8 -8 -8 -7 -7 -7 -7 -7 ------- Run | Scr Mat Min Mat Min Mat Gar Mat Gar Fac Was Fac Gar Fac Slots Evolved 6 | . . . 2 . 2 . . . 2 . . . . Power . | . . . . . . . . . . . . . . Propulsion . | . . . . . . . . . . . . . . Utility 6 | . . . 2 . 2 . . . 2 . . . . Weapon . | . . . . . . . . . . . . . . Parts Attached 535 | 7 25 11 48 9 50 35 58 37 29 12 107 32 75 Power 20 | 1 1 1 4 1 1 3 3 2 . . 2 . 1 Engine 18 | 1 1 1 4 1 1 3 3 1 . . 1 . 1 Core 2 | . . . . . . . . 1 . . 1 . . Reactor . | . . . . . . . . . . . . . . Propulsion 82 | 2 19 2 16 4 4 7 13 3 4 . 5 . 3 Treads 24 | . 9 . 6 . . 5 2 2 . . . . . Leg 2 | . . . . . . 2 . . . . . . . Wheel 56 | 2 10 2 10 4 4 . 11 1 4 . 5 . 3 Hover . | . . . . . . . . . . . . . . Flight . | . . . . . . . . . . . . . . Utility 203 | 2 1 2 19 2 17 7 15 12 13 4 60 16 33 Device 111 | 1 . 1 6 2 7 . 5 1 5 2 51 8 22 Storage 8 | 1 1 . 2 . . . 1 . . . 1 1 1 Processor 6 | . . . 3 . . . 1 . 2 . . . . Hackware 29 | . . . 2 . 4 . 2 5 1 1 4 5 5 Protection 49 | . . 1 6 . 6 7 6 6 5 1 4 2 5 Artifact . | . . . . . . . . . . . . . . Weapon 230 | 2 4 6 9 2 28 18 27 20 12 8 40 16 38 Energy Gun 89 | . 2 . . . 10 11 11 3 3 4 20 7 18 Energy Cannon 15 | . . . 3 1 6 . . . . . . 1 4 Ballistic Gun 25 | 2 1 4 5 . 1 . 5 5 2 . . . . Ballistic Cannon 1 | . . . . . . . . . . 1 . . . Launcher 23 | . . 2 1 1 3 2 2 2 1 . . 5 4 Special Weapon 22 | . 1 . . . . . 1 . 3 3 7 2 5 Impact Weapon 32 | . . . . . . . 5 4 2 . 13 1 7 Slashing Weapon 14 | . . . . . 8 5 1 . . . . . . Piercing Weapon . | . . . . . . . . . . . . . . Special Melee Weapon 9 | . . . . . . . 2 6 1 . . . . Unidentified Prototypes 5 | . . 1 . . 2 . . . . 1 . . 1 Corrupted Parts 1 | . . . . . . . 1 . . . . . . System Corruption 2 | . . . . . . . 2 . . . . . . Parts Lost 50 | . 1 . 3 . 6 3 6 6 2 . 1 1 21 Power 6 | . 1 . 2 . . 1 . 1 . . . . 1 Propulsion 17 | . . . 1 . 3 2 5 2 1 . 1 . 2 Utility 19 | . . . . . 3 . 1 2 . . . 1 12 Weapon 8 | . . . . . . . . 1 1 . . . 6 Highest Loss Streak 14 | . 1 . 1 . 5 2 3 3 1 . 1 1 14 To Critical Strikes . | . . . . . . . . . . . . . . Average Slot Usage (%) 93 | . 100 100 98 100 92 93 98 99 99 91 84 87 85 Engine 7 | . 14 14 10 11 9 8 8 3 7 7 6 7 6 Treads 5 | . 14 . 5 . . 12 4 16 3 . . . . Wheel 9 | . 13 28 16 22 17 1 13 1 11 15 7 7 6 Device 9 | . 14 4 7 11 9 9 10 . 6 7 8 18 13 Storage 8 | . 14 14 11 11 9 9 9 9 7 7 7 8 6 Processor 14 | . . . 10 11 9 9 17 18 23 23 21 15 13 Hackware 7 | . . . . . 8 . 11 18 14 7 7 3 16 Protection 9 | . . 9 14 11 12 25 4 8 7 6 6 9 4 Energy Gun 7 | . . . . . 3 9 16 6 3 5 10 10 7 Energy Cannon 2 | . . . 11 21 9 . . . . . . . . Ballistic Gun 3 | . 25 27 10 . . . . 3 2 . . . . Impact Weapon 1 | . . . . . . . . 5 2 . 2 3 1 Naked Turns 6 | . . . . . . . . . . . . . 6 Heaviest Build 148 | 14 50 51 61 64 79 79 105 103 110 114 126 148 123 Greatest Support 46 | 20 40 26 46 26 32 40 40 40 40 32 32 28 28 Greatest Overweight (x) 26 | . 2 1 3 3 7 26 10 10 6 3 7 5 4 Average Overweight (x) 2 | . 1 1 2 2 2 1 4 2 2 2 3 4 2 Largest Inventory Capacity 25 | 8 20 20 20 20 20 20 25 25 25 25 25 25 25 Average Capacity 22 | 7 19 20 20 20 20 20 24 25 25 25 25 25 22 Most Carried 25 | 4 20 20 20 20 20 20 25 25 25 25 25 25 25 Average Carried 22 | 3 14 20 19 19 18 19 23 24 23 24 24 24 22 Final Capacity 25 | 8 20 20 20 20 20 20 25 25 25 25 25 25 5 Final Carried 25 | 4 20 20 20 20 14 20 25 25 25 25 25 25 5 Class Distribution -------------------- 46% | Bothacker-Mutant 33% | Mutant 8% | Bothacker-Skirmisher 6% | Bothacker-Assassin 4% | Scavenger-Mutant Dominant Class ---------------- Mutant | -10/Materials Scavenger-Mutant | -10/Mines Mutant | -9/Materials Mutant | -9/Mines Mutant | -8/Materials Mutant | -8/Garrison Bothacker-Mutant | -8/Materials Bothacker-Mutant | -8/Garrison Bothacker-Mutant | -7/Factory Bothacker-Mutant | -7/Waste Bothacker-Mutant | -7/Factory Bothacker-Mutant | -7/Garrison Bothacker-Mutant | -7/Factory Resources | -11 -10 -10 -9 -9 -8 -8 -8 -8 -7 -7 -7 -7 -7 ----------- Run | Scr Mat Min Mat Min Mat Gar Mat Gar Fac Was Fac Gar Fac Matter Collected 7283 | 330 516 172 829 139 605 404 595 601 350 350 1133 469 790 Remotely . | . . . . . . . . . . . . . . Salvage Created 14145 | 174 847 150 1830 658 2094 1355 2136 479 447 350 1612 877 1136 Parts 778 | 13 54 19 128 40 110 66 118 26 25 10 68 47 54 Haulers Intercepted 20 | . 2 . 6 . 5 . 4 . . . 1 . 2 Recyclers Shooed 6 | . 2 . 1 . . . 3 . . . . . . Parts Field Recycled . | . . . . . . . . . . . . . . Retrieved Matter . | . . . . . . . . . . . . . . Parts Self-Destructed . | . . . . . . . . . . . . . . Prevented . | . . . . . . . . . . . . . . Kills | -11 -10 -10 -9 -9 -8 -8 -8 -8 -7 -7 -7 -7 -7 ------- Run | Scr Mat Min Mat Min Mat Gar Mat Gar Fac Was Fac Gar Fac Combat Hostiles Destroyed 239 | . 15 9 26 9 40 30 27 10 3 1 22 28 19 Melee 16 | . . . . . 12 3 1 . . . . . . Guns 131 | . 15 1 9 . 3 24 24 6 3 . 20 16 10 Cannons 34 | . . . 13 6 13 . . . . 1 . . 1 AOE 54 | . . 8 4 3 12 3 2 4 . . . 12 6 Classes Destroyed 19 | 2 6 . 2 3 1 2 . . 1 1 . 1 . Worker 32 | . . . 6 4 4 . 9 . 2 . 4 . 3 Builder 8 | . . . . 1 1 . 3 . 1 . 1 . 1 Tunneler 14 | 5 1 1 2 2 1 . . . . . 1 . 1 Hauler 20 | . 2 . 6 . 5 . 4 . . . 1 . 2 Recycler 27 | 1 2 1 2 3 1 . 8 . 3 . 4 . 2 Mechanic 2 | . 1 . . . 1 . . . . . . . . Operator 3 | . 2 . 1 . . . . . . . . . . Watcher 20 | . 3 . 5 . 2 1 3 . 1 . 3 . 2 Swarmer 41 | . 6 9 3 3 6 . 2 . . . 1 9 2 Cutter 4 | . . . . . . 2 2 . . . . . . Grunt 114 | . 9 . 14 3 23 16 12 5 . . 9 12 11 Brawler 5 | . . . . 1 2 . 2 . . . . . . Duelist 5 | . . . . 1 1 . 1 . . . . . 2 Protector 2 | . . . . . 1 . . . . . . 1 . Sentry 44 | . . . 9 1 7 11 5 2 . . 4 3 2 Demolisher 1 | . . . . . . . . . . . . 1 . Hunter 13 | . . . . . . 1 3 3 1 . 2 2 1 Programmer 11 | . . . . . . . . . 2 . 6 . 3 Compactor 1 | . . . . . . . . . . 1 . . . Best Kill Streak 12 | 5 4 9 9 3 12 4 7 3 4 1 4 6 4 Combat Bots Only 8 | . 3 8 5 3 7 4 5 3 2 1 4 6 4 Max Kills in Single Turn 6 | 1 2 3 2 2 3 1 2 2 2 1 2 3 6 Gunslinging 1 | . 1 . 1 . . . . . . . . . . Exploded 3 | . . 3 2 1 3 1 1 2 . . . 3 3 Melee 1 | . . . . . 1 1 1 . . . . . . Uniques/NPCs Destroyed . | . . . . . . . . . . . . . . Combat | -11 -10 -10 -9 -9 -8 -8 -8 -8 -7 -7 -7 -7 -7 -------- Run | Scr Mat Min Mat Min Mat Gar Mat Gar Fac Was Fac Gar Fac Damage Taken 10998 | . 517 47 1004 138 1398 1195 859 963 125 11 1481 984 2276 Core 1440 | . 53 8 177 18 141 101 126 115 . 6 64 169 462 Absorbed by Shields 970 | . . . . . 205 8 . 22 . . 75 579 81 Regen/Repaired (Parts) 883 | . . . 158 . 390 . . . 232 . 103 . . Core Remaining (%) 59 | 100 . 75 . 51 . . . 12 . . . . . Volleys Fired 731 | 15 77 9 91 24 64 51 83 31 22 17 103 76 68 Largest 2 | 2 2 2 2 2 2 2 2 2 2 1 2 2 2 Hottest 162 | 40 100 40 136 136 160 160 160 108 108 20 162 155 160 Shots Fired 1284 | 30 149 13 176 44 117 97 159 48 38 17 186 119 91 Gun 943 | 30 144 8 98 . 24 92 154 31 32 . 168 96 66 Cannon 209 | . . . 76 40 82 . . . . . . . 11 Launcher 67 | . . 5 2 4 11 5 4 17 . . . 13 6 Special 65 | . 5 . . . . . 1 . 6 17 18 10 8 Kinetic 333 | 30 132 8 98 . . . 21 27 17 . . . . Thermal 817 | . 5 . 76 40 106 92 134 4 16 14 168 96 66 Explosive 31 | . . 5 2 4 11 5 1 . . . . 3 . Electromagnetic 59 | . 12 . . . . . 3 17 . . . 10 17 Robot Hit Streak 31 | 5 12 6 13 12 14 20 19 10 11 10 15 31 21 Robot Miss Streak 11 | 3 3 1 3 2 3 5 5 11 7 1 4 7 5 Penetration Max . | . . . . . . . . . . . . . . Secondary Targets 5 | . 1 . 2 . . 1 . . . . 1 . . Max Gunslinging Chain 1 | . 1 . 1 . . 1 . . . . 1 . . Shots Hit Robots 1052 | 15 86 8 120 26 130 97 148 34 34 16 146 106 86 Core Hits 750 | 9 43 12 66 18 84 73 125 42 23 2 63 119 71 Critical Kills 2 | . . . 1 1 . . . . . . . . . Critical Parts Destroyed . | . . . . . . . . . . . . . . Critical Strikes 23 | . . . 1 1 11 1 . . . . 9 . . Burn 10 | . . . . . 1 . . . . . 9 . . Meltdown 1 | . . . . 1 . . . . . . . . . Destroy 1 | . . . 1 . . . . . . . . . . Sever 11 | . . . . . 10 1 . . . . . . . Melee Attacks 192 | . . . . . 56 35 16 39 5 . 29 4 8 Impact 77 | . . . . . . . 8 26 2 . 29 4 8 Slashing 95 | . . . . . 56 35 4 . . . . . . Piercing . | . . . . . . . . . . . . . . Sneak Attacks 12 | . . . . . 4 1 4 . 3 . . . . Combat Hostiles . | . . . . . . . . . . . . . . Follow-up Attacks 4 | . . . . . 4 . . . . . . . . Damage Inflicted 26582 | 167 1026 369 2330 759 4644 2780 3208 743 547 141 3273 3114 3481 Guns 15097 | 167 991 73 872 . 411 1857 2833 425 536 . 3273 2125 1534 Cannons 3267 | . . . 1079 578 1318 . . . . . . . 292 Explosions 5642 | . . 296 370 181 1360 321 152 318 . . . 989 1655 Melee 2370 | . . . . . 1555 602 213 . . . . . . Ramming 44 | . 35 . 9 . . . . . . . . . . Kinetic 3016 | 167 952 73 872 . . . 345 388 219 . . . . Thermal 16571 | . . . 1102 578 1729 1857 2542 37 328 141 3273 2125 2859 Explosive 2883 | . . 296 289 181 1360 321 . . . . . 436 . Electromagnetic 1698 | . 39 . 58 . . . 108 318 . . . 553 622 Impact 100 | . . . . . . . 100 . . . . . . Slashing 2270 | . . . . . 1555 602 113 . . . . . . Piercing . | . . . . . . . . . . . . . . Highest Corruption 7 | . . . 4 4 . . 2 3 2 . 1 . 7 Average Corruption 2 | . . . 2 3 . . 2 2 1 . 1 . 4 Corruption Purged 12 | . . . . 4 . . . . 2 . 1 . 5 Corruption Blocked . | . . . . . . . . . . . . . . Effects 105 | . . . 17 4 . . 2 68 . . 4 . 10 Message Errors 27 | . . . 4 1 . . . 21 . . . . 1 Matter Fused 27 | . . . 6 1 . . 2 15 . . . . 3 Heat Flow Errors 12 | . . . 1 1 . . . 7 . . . . 3 Energy Discharges 17 | . . . 2 1 . . . 11 . . 2 . 1 Parts Rejected 1 | . . . . . . . . 1 . . . . . Data Loss (minor) 11 | . . . 2 . . . . 6 . . 2 . 1 Data Loss (major) 4 | . . . . . . . . 3 . . . . 1 Misfires 4 | . . . 1 . . . . 3 . . . . . Alerts 2 | . . . 1 . . . . 1 . . . . . Overload Shots . | . . . . . . . . . . . . . . Overflow Damage 340 | . . . 3 22 42 7 16 . . . . 29 221 Projectiles 10 | . . . 3 1 6 . . . . . . . . Explosions 319 | . . . . 21 33 . 15 . . . . 29 221 Melee 11 | . . . . . 3 7 1 . . . . . . Knockbacks . | . . . . . . . . . . . . . . Impact . | . . . . . . . . . . . . . . Kinetic . | . . . . . . . . . . . . . . Secondary . | . . . . . . . . . . . . . . Self-Inflicted Damage 632 | . . . 83 . . 5 121 39 . . . . 384 Shots 18 | . . . 3 . . 1 2 4 . . . . 8 Rammed 5 | . 3 . 2 . . . . . . . . . . Targets Rammed 6 | . 4 . 2 . . . . . . . . . . Kicked . | . . . . . . . . . . . . . . Crushed 1 | . 1 . . . . . . . . . . . . Highest Temperature 360 | . 42 10 360 220 222 117 220 255 124 . 261 149 215 Average Temperature 47 | . 14 7 50 36 36 34 41 68 38 . 63 42 52 Received Heat Transfer 3273 | . 213 . 354 42 597 462 225 367 . . 390 246 377 Effects 2 | . . . 1 . 1 . . . . . . . . Energy Bleed 1 | . . . 1 . . . . . . . . . . Interference 1 | . . . . . 1 . . . . . . . . Siege Activations . | . . . . . . . . . . . . . . Robots Corrupted 1 | . . . . . . . . . . . . . 1 Combat Hostiles 1 | . . . . . . . . . . . . . 1 Parts Fried 8 | . . . . . . . . 1 . . . 2 5 Impact Corruptions 1 | . . . . . . . 1 . . . . . . Robots Melted 4 | . . . . 1 . . . . . . 2 . 1 Combat Hostiles 3 | . . . . . . . . . . . 2 . 1 Parts Melted 60 | . . . 4 5 10 4 6 . 1 . 15 5 10 Heat Transferred 29278 | . . . 1937 1036 3352 3975 5737 75 712 481 5900 2584 3489 Parts Sabotaged . | . . . . . . . . . . . . . . Parts Stolen . | . . . . . . . . . . . . . . Parts Stripped . | . . . . . . . . . . . . . . Power Chain Reactions 3 | . . . 2 . . . 1 . . . . . . Missiles Intercepted . | . . . . . . . . . . . . . . Alert | -11 -10 -10 -9 -9 -8 -8 -8 -8 -7 -7 -7 -7 -7 ------- Run | Scr Mat Min Mat Min Mat Gar Mat Gar Fac Was Fac Gar Fac Peak Influence 1962 | 30 374 327 497 342 791 1962 1081 858 572 45 291 1166 867 Initial 956 | . 19 27 49 163 90 514 956 443 450 45 . 83 611 Average 535 | 14 138 176 264 195 377 1353 717 745 374 18 112 810 583 Maximum Alert Level 5 | . 1 1 2 1 3 5 3 3 2 . 1 4 3 Low Security (%) 31 | 100 76 57 44 41 14 . . . 17 100 81 9 . Level 1 13 | . 23 42 15 58 46 . . . 44 . 18 2 14 Level 2 21 | . . . 39 . 28 8 55 29 38 . . 18 59 Level 3 21 | . . . . . 10 20 44 70 . . . 40 26 Level 4 6 | . . . . . . 35 . . . . . 28 . Level 5 4 | . . . . . . 36 . . . . . . . High Security . | . . . . . . . . . . . . . . Max Security . | . . . . . . . . . . . . . . Squads Dispatched 52 | . 5 . 4 . 5 . 5 . 2 . 19 . 12 Investigation 17 | . 3 . 2 . 2 . 2 . . . 5 . 3 Extermination 14 | . . . . . . . . . 2 . 9 . 3 Reinforcement 11 | . 2 . 2 . . . 2 . . . 2 . 3 Assault 6 | . . . . . 3 . . . . . 1 . 2 Garrison 4 | . . . . . . . 1 . . . 2 . 1 Intercept . | . . . . . . . . . . . . . . Searches Triggered . | . . . . . . . . . . . . . . Construction Impeded 2 | . . . 1 . . . 1 . . . . . . Haulers Reinforced 3 | . . . . . . . . . . . 1 . 2 Active Scanning Responses . | . . . . . . . . . . . . . . Cargo Convoy Interrupts . | . . . . . . . . . . . . . . Stealth | -11 -10 -10 -9 -9 -8 -8 -8 -8 -7 -7 -7 -7 -7 --------- Run | Scr Mat Min Mat Min Mat Gar Mat Gar Fac Was Fac Gar Fac Distress Signals 11 | . 2 . 4 . . . 2 . . . 2 . 1 Communications Jammed 1 | . . . . . . . . . . . . . 1 Distress Signals 1 | . . . . . . . . . . . . . 1 Times Spotted 375 | . 28 8 32 9 56 34 39 22 9 3 38 45 52 Peak Tracking Total 10 | . 4 5 7 3 10 4 3 4 3 1 5 4 7 Tactical Retreats 24 | . 2 . . . 5 2 2 1 . . 2 6 4 Traps | -11 -10 -10 -9 -9 -8 -8 -8 -8 -7 -7 -7 -7 -7 ------- Run | Scr Mat Min Mat Min Mat Gar Mat Gar Fac Was Fac Gar Fac Traps Triggered 37 | . 1 . 2 . . 4 2 11 1 . 1 14 1 Indirectly 3 | . . . . . . . . 1 . . . 2 . Trap Hack Attempts 11 | . . . . . . . . 11 . . . . . Triggered 1 | . . . . . . . . 1 . . . . . Disarmed . | . . . . . . . . . . . . . . Reprogrammed 1 | . . . . . . . . 1 . . . . . Reused . | . . . . . . . . . . . . . . Traps Extracted . | . . . . . . . . . . . . . . Installed . | . . . . . . . . . . . . . . Triggered 3 | . . . . . . . . . . . . 2 1 Machines | -11 -10 -10 -9 -9 -8 -8 -8 -8 -7 -7 -7 -7 -7 ---------- Run | Scr Mat Min Mat Min Mat Gar Mat Gar Fac Was Fac Gar Fac Machines Disabled 36 | . . 1 3 2 1 3 2 4 . . 3 6 11 Max in Single Turn 6 | . . 1 1 2 1 1 2 1 . . 1 2 6 Garrison Access 1 | . . . . . . . . . . . 1 . . Garrison Relay 11 | . . . . . . 3 . 4 . . . 4 . Machines Sabotaged . | . . . . . . . . . . . . . . Garrisons Compromised . | . . . . . . . . . . . . . . Overloaded Fab Kills . | . . . . . . . . . . . . . . Hacking | -11 -10 -10 -9 -9 -8 -8 -8 -8 -7 -7 -7 -7 -7 --------- Run | Scr Mat Min Mat Min Mat Gar Mat Gar Fac Was Fac Gar Fac Machines Accessed 66 | . 8 1 12 1 8 . 9 . 3 . 19 . 5 Terminals 45 | . 6 1 9 . 6 . 8 . 2 . 12 . 1 Fabricators 4 | . . . . . . . . . 1 . 2 . 1 Repair Stations 6 | . . . 2 . 1 . . . . . 2 . 1 Recycling Units 6 | . 2 . . . . . . . . . 2 . 2 Scanalyzers 1 | . . . 1 . . . . . . . . . . Garrison Access 3 | . . . . . 1 . 1 . . . 1 . . Total Hacks 206 | . 28 2 42 1 32 . 30 . 8 . 54 . 9 Successful 113 | . 17 1 22 1 20 . 17 . 1 . 30 . 4 Failed 93 | . 11 1 20 . 12 . 13 . 7 . 24 . 5 Catastrophic 16 | . 1 . 5 . 2 . 2 . 1 . 5 . . Database Lockouts . | . . . . . . . . . . . . . . Manual 102 | . 21 2 18 . 12 . 21 . 6 . 18 . 4 Terminals 155 | . 26 2 30 . 25 . 29 . 6 . 35 . 2 Fabricators 8 | . . . . . . . . . 2 . 4 . 2 Repair Stations 24 | . . . 6 . 6 . . . . . 11 . 1 Recycling Units 9 | . 2 . . . . . . . . . 3 . 4 Scanalyzers 6 | . . . 6 . . . . . . . . . . Garrison Access 3 | . . . . . 1 . 1 . . . 1 . . Terminal Hacks 53 | . 10 1 8 1 10 . 10 . . . 12 . 1 Part Schematic 2 | . 1 1 . . . . . . . . . . . Robot Analysis 8 | . 3 . . . 2 . 1 . . . 1 . 1 Prototype ID Bank 15 | . 2 . 3 . 5 . 2 . . . 3 . . Open Door 1 | . . . . 1 . . . . . . . . . Branch Access Points 3 | . . . 2 . 1 . . . . . . . . Terminal Index 4 | . 1 . . . 1 . 1 . . . 1 . . Alert Level 2 | . . . 1 . . . 1 . . . . . . Unreport Threat 7 | . . . 1 . . . 4 . . . 2 . . Locate Traps 7 | . 2 . 1 . 1 . . . . . 3 . . Hauler Manifests 4 | . 1 . . . . . 1 . . . 2 . . Fabricator Hacks 5 | . . . . . . . . . . . 3 . 2 Load Schematic 2 | . . . . . . . . . . . 1 . 1 Build 3 | . . . . . . . . . . . 2 . 1 Repair Station Hacks 21 | . . . 6 . 6 . . . . . 9 . . Scan Component 11 | . . . 3 . 3 . . . . . 5 . . Repair 10 | . . . 3 . 3 . . . . . 4 . . Recycling Unit Hacks . | . . . . . . . . . . . . . . Scanalyzer 6 | . . . 6 . . . . . . . . . . Insert Component 2 | . . . 2 . . . . . . . . . . Analyze 4 | . . . 4 . . . . . . . . . . Garrison Access Hacks 3 | . . . . . 1 . 1 . . . 1 . . Unlock Access 3 | . . . . . 1 . 1 . . . 1 . . Unauthorized Hacks 25 | . 7 . 2 . 3 . 6 . 1 . 5 . 1 Terminals 20 | . 5 . 2 . 3 . 6 . 1 . 3 . . Track 1 | . 1 . . . . . . . . . . . . Assimilate 7 | . 1 . 1 . 1 . 2 . 1 . 1 . . Botnet 7 | . 2 . 1 . 1 . 2 . . . 1 . . Disrupt 1 | . . . . . . . 1 . . . . . . Operators 4 | . 1 . . . 1 . 1 . . . 1 . . Fabricators . | . . . . . . . . . . . . . . Repair Stations . | . . . . . . . . . . . . . . Recycling Units 5 | . 2 . . . . . . . . . 2 . 1 Tunnel 5 | . 2 . . . . . . . . . 2 . 1 Scanalyzers . | . . . . . . . . . . . . . . Garrison Access . | . . . . . . . . . . . . . . Data Cores Recovered . | . . . . . . . . . . . . . . Used . | . . . . . . . . . . . . . . Hacking Detections 56 | . 6 . 12 . 7 . 8 . 3 . 16 . 4 Full Trace Events 7 | . . . 1 . 2 . . . . . 3 . 1 Feedback Events . | . . . . . . . . . . . . . . Feedback Blocked . | . . . . . . . . . . . . . . Robot Schematics Acquired . | . . . . . . . . . . . . . . Robots Built 3 | . . . . . . . . . . . 3 . . Authchips . | . . . . . . . . . . . . . . Time 99 | . . . . . . . . . . . 99 . . Total Robot Build Rating 6 | . . . . . . . . . . . 6 . . Part Schematics Acquired 4 | . 1 1 2 . . . . . . . . . . Parts Built 2 | . . . . . . . . . . . 1 . 1 Authchips . | . . . . . . . . . . . . . . Time 255 | . . . . . . . . . . . 51 . 204 Total Part Build Rating 9 | . . . . . . . . . . . 1 . 8 Parts Repaired 10 | . . . 3 . 3 . . . . . 4 . . Time 550 | . . . 191 . 133 . . . . . 226 . . Parts Recycled . | . . . . . . . . . . . . . . Recycled Matter . | . . . . . . . . . . . . . . Retrieved Matter . | . . . . . . . . . . . . . . Retrieved Components . | . . . . . . . . . . . . . . Parts Scanalyzed 2 | . . . 2 . . . . . . . . . . Part Schematics Acquired 2 | . . . 2 . . . . . . . . . . Parts Damaged . | . . . . . . . . . . . . . . Bothacking | -11 -10 -10 -9 -9 -8 -8 -8 -8 -7 -7 -7 -7 -7 ------------ Run | Scr Mat Min Mat Min Mat Gar Mat Gar Fac Was Fac Gar Fac Used RIF Installer 3 | . . . . . . 1 . 1 . . . 1 . Structural Interface 1 | . . . . . . . . 1 . . . . . Program Shield 1 | . . . . . . . . . . . . 1 . Robots Hacked 38 | . . . . . . . 2 8 5 3 10 5 5 Non-combat 17 | . . . . . . . 2 . 4 . 9 . 2 Combat 21 | . . . . . . . . 8 1 3 1 5 3 Robot Hacks Applied 42 | . . . . . . . 3 8 6 3 11 5 6 parse_system 1 | . . . . . . . 1 . . . . . . find_chute 1 | . . . . . . . . . 1 . . . . map_walls 2 | . . . . . . . 2 . . . . . . drop_inventory 7 | . . . . . . . . . 1 . 5 . 1 check_alert 1 | . . . . . . . . . 1 . . . . purge_threat 1 | . . . . . . . . . 1 . . . . map_route 3 | . . . . . . . . . . . 2 . 1 mark_security 1 | . . . . . . . . . . . 1 . . relay_feed 1 | . . . . . . . . . . . . . 1 ignore_targets 3 | . . . . . . . . . . 3 . . . disable_weapons 1 | . . . . . . . . . . . . 1 . go_dormant 1 | . . . . . . . . . . . . . 1 overwrite_iff 2 | . . . . . . . . 1 . . 1 . . formatsys_low 2 | . . . . . . . . . 1 . 1 . . formatsys_high 15 | . . . . . . . . 7 1 . 1 4 2 Relay Couplers Released 44 | . . . . . . 13 . 16 . . 2 13 . Machine Destruction 44 | . . . . . . 13 . 16 . . 2 13 . Attached 22 | . . . . . . . 1 5 1 1 4 5 5 Fabnet Peak Effective % . | . . . . . . . . . . . . . . Robots Rewired . | . . . . . . . . . . . . . . Allies Hacked . | . . . . . . . . . . . . . . Hacks Repelled . | . . . . . . . . . . . . . . Allies | -11 -10 -10 -9 -9 -8 -8 -8 -8 -7 -7 -7 -7 -7 -------- Run | Scr Mat Min Mat Min Mat Gar Mat Gar Fac Was Fac Gar Fac Total Allies 28 | . 1 . . . 1 . 2 8 3 . 7 4 2 Largest Group 5 | . 1 1 . . 1 1 2 5 5 2 4 2 3 Highest-Rated Group 96 | . 10 10 . . 10 10 36 80 80 58 64 64 96 Highest-Rated Ally 32 | . 10 10 . . 10 10 26 16 32 32 32 32 32 Total Orders 69 | . 4 . . . . 8 5 6 13 2 29 . 2 STAY 38 | . 2 . . . . 4 3 3 7 1 17 . 1 FOLLOW 28 | . 2 . . . . 4 2 3 5 1 10 . 1 AID 3 | . . . . . . . . . 1 . 2 . . Ally Attacks 91 | . . . . . . . . 16 27 12 25 1 10 Total Damage 2354 | . . . . . . . . 264 312 710 655 12 401 Kills 19 | . . . . . . . . 2 5 2 7 . 3 Allies Corrupted 2 | . . . . . . . 2 . . . . . . Allies Melted . | . . . . . . . . . . . . . . Intel | -11 -10 -10 -9 -9 -8 -8 -8 -8 -7 -7 -7 -7 -7 ------- Run | Scr Mat Min Mat Min Mat Gar Mat Gar Fac Was Fac Gar Fac Robot Analysis Total 8 | . 3 . . . 2 . 1 . . . 1 . 1 Derelict Logs Recovered 2 | . . 1 . 1 . . . . . . . . . Drone Launches . | . . . . . . . . . . . . . . Drone Recoveries . | . . . . . . . . . . . . . . Exploration | -11 -10 -10 -9 -9 -8 -8 -8 -8 -7 -7 -7 -7 -7 ------------- Run | Scr Mat Min Mat Min Mat Gar Mat Gar Fac Was Fac Gar Fac Turns Passed 33383 | 126 2158 519 2168 996 1930 4089 2848 4454 1048 957 6520 3057 2513 Spaces Moved 15661 | 88 1126 455 1186 669 1085 1376 1142 1271 532 615 2976 1559 1581 Core 261 | 1 . . . . . 3 . . . . . . 257 Treads 2793 | . 319 . 164 . . 1066 34 1143 67 . . . . Legs 172 | . . . . . . 172 . . . . . . . Wheels 12435 | 87 807 455 1022 669 1085 135 1108 128 465 615 2976 1559 1324 Hover . | . . . . . . . . . . . . . . Flight . | . . . . . . . . . . . . . . Fastest Speed 50 | 50 80 105 105 110 120 125 130 140 135 130 145 160 50 Average Speed 169 | 79 144 105 137 124 124 247 169 320 161 143 158 164 129 Slowest Speed 1350 | 80 240 105 240 125 185 1350 480 560 320 145 205 175 160 Overloaded Moves . | . . . . . . . . . . . . . . Propulsion Burnouts . | . . . . . . . . . . . . . . Robots Hopped . | . . . . . . . . . . . . . . Cave-ins Triggered . | . . . . . . . . . . . . . . Exploration Rate (%) 71 | 4 97 96 80 97 62 90 73 99 16 95 60 99 37 Regions Visited 13 Branch Regions 2 Pre-discovered Areas 6 | . 2 . . 1 . . . . . . 2 . 1 Known Exits Taken 4 | . . . 1 . 1 . 1 . . . 1 . . Unknown Exits Taken 4 | 1 1 1 . 1 . . . . . . . . . Scrap Searched 5 | . . 3 . 2 . . . . . . . . . Spaces Dug 68 | . 4 6 . . 4 2 6 10 2 . 26 . 8 Terrain Destroyed 372 | . 5 22 11 37 66 15 62 10 2 . 26 23 93 Melee 58 | . . . . . 4 2 6 10 2 . 26 . 8 Projectile 5 | . 5 . . . . . . . . . . . . AOE 309 | . . 22 11 37 62 13 56 . . . . 23 85 Terrain Rammed . | . . . . . . . . . . . . . . Walls Destroyed . | . . . . . . . . . . . . . . Machines Disabled . | . . . . . . . . . . . . . . Actions | -11 -10 -10 -9 -9 -8 -8 -8 -8 -7 -7 -7 -7 -7 --------- Run | Scr Mat Min Mat Min Mat Gar Mat Gar Fac Was Fac Gar Fac Total 20867 | 113 1493 484 1575 788 1464 1890 1836 1555 675 666 4505 1912 1911 Wait 3186 | . 247 . 189 71 169 308 499 94 65 . 1255 131 158 Move 15651 | 87 1125 454 1185 668 1084 1375 1142 1270 532 614 2976 1558 1581 Hop . | . . . . . . . . . . . . . . Pick Up 196 | 4 14 3 20 5 16 37 19 20 9 8 14 16 11 Fast Attach 89 | 7 . 1 11 3 11 6 11 2 5 4 10 3 15 Attach 85 | . 1 . 4 . 16 17 12 9 5 2 3 5 11 Detach 17 | . . . 1 . 9 2 2 . 2 . . . 1 Swap 361 | . 24 10 33 6 23 12 35 26 19 6 94 24 49 Drop 212 | . 1 7 39 11 22 35 17 10 10 15 21 15 9 Fire 731 | 15 77 9 91 24 64 51 83 31 22 17 103 76 68 Melee 186 | . . . . . 50 35 16 39 5 . 29 4 8 Ram . | . . . . . . . . . . . . . . Kick . | . . . . . . . . . . . . . . Crush 6 | . 4 . 2 . . . . . . . . . . Escape Stasis 132 | . . . . . . 12 . 40 . . . 80 . Rewire 4 | . . . . . . . . 3 1 . . . . Trap 11 | . . . . . . . . 11 . . . . . Miscellaneous . | . . . . . . . . . . . . . . Route ------- -11/Scrapyard -10/Materials (discovered 5 exits: *Mat x3 / *Min x2) -10/Mines (discovered 3 exits: *Mat x2 / [*Exi]) -9/Materials (discovered 4 exits: *Mat x2 / *Min x2) -9/Mines (discovered 2 exits: *Mat x2) -8/Materials (discovered 2 exits: *Fac / Gar) -8/Garrison (discovered 3 exits: *Mat x3) -8/Materials (discovered 3 exits: *Fac x2 / Gar) -8/Garrison (discovered 3 exits: *Fac x3) -7/Factory -7/Waste -7/Factory (discovered 5 exits: *Fac x2 / *Low x2 / Gar) -7/Garrison (discovered 3 exits: *Fac x3) -7/Factory (discovered 5 exits: *Fac x2 / *Sto x2 / *Low) History --------- Turn | Location | Event 15 | -11/Scrapyard | Discovered new exit (range 16) 127 | -11/Scrapyard | Entered Materials 304 | -10/Materials | Build established: Mutant 361 | -10/Materials | Discovered new exit (range 5) 412 | -10/Materials | Discovered new exit (range 6) 521 | -10/Materials | Discovered new exit (range 16) 1152 | -10/Materials | Discovered new exit (range 16) 1303 | -10/Materials | Discovered new exit (range 15) 2285 | -10/Materials | Entered Mines 2285 | -10/Mines | Accompanied by 1 ally 2373 | -10/Mines | Found a damaged Exp. Sensor Array with a note attached 2375 | -10/Mines | Found Prototype Device 2375 | -10/Mines | Identified Exp. Sensor Array 2477 | -10/Mines | Learned Materials stockpile data 2503 | -10/Mines | Destroyed 8 combat bots 2656 | -10/Mines | Deemed a non-threat by the Exiles lab entrance 2656 | -10/Mines | Discovered new exit (range 5) 2688 | -10/Mines | Discovered new exit (range 6) 2716 | -10/Mines | Discovered new exit (range 6) 2736 | -10/Mines | Build established: Scavenger-Mutant 2768 | -10/Mines | Received a Rocket Launcher from a helpful Derelict 2804 | -10/Mines | Entered Materials 2804 | -9/Materials | Evolved 2 slots: Utility x2 3146 | -9/Materials | Repaired Exp. Sensor Array 3231 | -9/Materials | Discovered new exit (range 3) 3237 | -9/Materials | Discovered new exit (range 6) 3294 | -9/Materials | Identified exit to Mines 3600 | -9/Materials | Build established: Mutant 4187 | -9/Materials | Discovered new exit (range 9) 4227 | -9/Materials | Build established: Scavenger-Mutant 4584 | -9/Materials | Build established: Mutant 4838 | -9/Materials | Repaired Adv. Beam Cannon 4871 | -9/Materials | Repaired Autogun? 4972 | -9/Materials | Entered Mines 5026 | -9/Mines | Discovered new exit (range 7) 5038 | -9/Mines | Met a Derelict who couldn't figure out how to use a Trap Extractor 5348 | -9/Mines | Learned location of Zion (-6) 5572 | -9/Mines | Discovered new exit (range 10) 5586 | -9/Mines | Joined a pair of Derelicts in attacking an 0b10 outpost 5968 | -9/Mines | Entered Materials 5968 | -8/Materials | Evolved 2 slots: Utility x2 7006 | -8/Materials | Discovered new exit (range 3) 7257 | -8/Materials | Repaired Hvy. Armor Plating 7309 | -8/Materials | Repaired Adv. Beam Cannon? 7503 | -8/Materials | Build established: Hacker-Mutant 7568 | -8/Materials | First assault squad dispatched 7644 | -8/Materials | Lost 5 parts (2n3u) 7650 | -8/Materials | Destroyed 7 combat bots 7773 | -8/Materials | Repaired Imp. Cooling System 7845 | -8/Materials | Identified exit to Garrison 7887 | -8/Materials | Build established: Mutant 7898 | -8/Materials | Entered Garrison 7898 | -8/Garrison | Accompanied by 1 ally 8038 | -8/Garrison | Triggered checkpoint 8192 | -8/Garrison | Triggered checkpoint 8776 | -8/Garrison | Triggered checkpoint 8889 | -8/Garrison | Triggered checkpoint 9080 | -8/Garrison | Triggered checkpoint 9238 | -8/Garrison | Triggered checkpoint 9584 | -8/Garrison | Triggered checkpoint 10026 | -8/Garrison | Discovered new exit (range 10) 10511 | -8/Garrison | Discovered new exit (range 11) 10561 | -8/Garrison | Installed Relay Interface Framework 10678 | -8/Garrison | Triggered checkpoint 10988 | -8/Garrison | Triggered checkpoint 11190 | -8/Garrison | Discovered new exit (range 9) 11267 | -8/Garrison | Garrison Relay disabled 11527 | -8/Garrison | Garrison Relay disabled 11731 | -8/Garrison | Garrison Relay disabled 11987 | -8/Garrison | Entered Materials 13326 | -8/Materials | Build established: Bothacker-Mutant 13662 | -8/Materials | Discovered new exit (range 10) 13663 | -8/Materials | Core integrity fell below 50% 13714 | -8/Materials | Lost 3 parts (2n1u) 14087 | -8/Materials | Discovered new exit (range 13) 14750 | -8/Materials | Garrison activated, responded to threat 14835 | -8/Materials | Identified exit to Garrison 14835 | -8/Materials | Entered Garrison 15200 | -8/Garrison | Triggered checkpoint 15506 | -8/Garrison | Triggered checkpoint 15518 | -8/Garrison | Triggered checkpoint 15526 | -8/Garrison | Core integrity fell below 20% 15552 | -8/Garrison | Lost 3 parts (1n1u1w) 15842 | -8/Garrison | Garrison Relay disabled 16042 | -8/Garrison | Triggered checkpoint 16118 | -8/Garrison | Garrison Relay disabled 16209 | -8/Garrison | Discovered new exit (range 10) 16734 | -8/Garrison | Triggered checkpoint 16938 | -8/Garrison | Triggered checkpoint 17009 | -8/Garrison | Garrison Relay disabled 17102 | -8/Garrison | Discovered new exit (range 10) 17532 | -8/Garrison | Discovered new exit (range 10) 17562 | -8/Garrison | Triggered checkpoint 17662 | -8/Garrison | Garrison Relay disabled 18004 | -8/Garrison | Identified exit to Factory 18026 | -8/Garrison | Expanded RIF knowledge: Structural Interface 19289 | -8/Garrison | Entered Factory 19289 | -7/Factory | Accompanied by 5 allies 19289 | -7/Factory | Evolved 2 slots: Utility x2 20337 | -7/Factory | Sucked down chute 20337 | -7/Factory | Entered Waste 20337 | -7/Waste | The area was eerily silent 20430 | -7/Waste | 2 allies followed down the chute 20444 | -7/Waste | Found Unknown Protection 20580 | -7/Waste | A Compactor rumbled back to life 20583 | -7/Waste | Spotted C-40 Crusher 20584 | -7/Waste | Allies destroyed C-40 Crusher 20747 | -7/Waste | Discovered new exit (range 12) 20760 | -7/Waste | A Compactor rumbled back to life 20772 | -7/Waste | Spotted C-40 Crusher 20779 | -7/Waste | Allies destroyed C-40 Crusher 20840 | -7/Waste | A Compactor rumbled back to life 20851 | -7/Waste | Spotted C-40 Crusher 20866 | -7/Waste | Destroyed C-40 Crusher 21291 | -7/Waste | Identified exit to Factory 21294 | -7/Waste | Entered Factory 21294 | -7/Factory | Accompanied by 2 allies 21722 | -7/Factory | Garrison activated, responded to threat 22024 | -7/Factory | Repaired Broken Adv. Transmission Jammer? 22169 | -7/Factory | Repaired Adv. System Restoration Module? 22237 | -7/Factory | Repaired Imp. Cooling System 22244 | -7/Factory | Repaired Adv. Trap Scanner? 22331 | -7/Factory | Discovered new exit (range 16) 22371 | -7/Factory | Identified exit to Lower Caves 22395 | -7/Factory | Discovered exit to Lower Caves (range 11) 22761 | -7/Factory | Discovered new exit (range 64) 23055 | -7/Factory | Build established: Bothacker-Skirmisher 24646 | -7/Factory | Fabricated L-31 Rogue? 24726 | -7/Factory | Build established: Bothacker-Assassin 25308 | -7/Factory | Discovered new exit (range 12) 25546 | -7/Factory | Garrison activated, responded to threat 25889 | -7/Factory | Identified exit to Factory 26381 | -7/Factory | Fabricated Huge Storage Unit? 26646 | -7/Factory | Build established: Bothacker-Mutant 27500 | -7/Factory | Identified exit to Garrison 27814 | -7/Factory | Entered Garrison 27924 | -7/Garrison | Triggered checkpoint 28100 | -7/Garrison | Triggered checkpoint 28113 | -7/Garrison | Triggered checkpoint 28177 | -7/Garrison | Triggered checkpoint 28358 | -7/Garrison | Triggered checkpoint 28512 | -7/Garrison | Discovered new exit (range 14) 28547 | -7/Garrison | Identified exit to Factory 28641 | -7/Garrison | Triggered checkpoint 28804 | -7/Garrison | Triggered checkpoint 28932 | -7/Garrison | Discovered exit to Factory (range 13) 29361 | -7/Garrison | Discovered exit to Factory (range 15) 29394 | -7/Garrison | Expanded RIF knowledge: Program Shield 29551 | -7/Garrison | Garrison Relay disabled 29735 | -7/Garrison | Garrison Relay disabled 29859 | -7/Garrison | Garrison Relay disabled 29991 | -7/Garrison | Garrison Relay disabled 30004 | -7/Garrison | Triggered checkpoint 30871 | -7/Garrison | Entered Factory 30871 | -7/Factory | Accompanied by 2 allies 31167 | -7/Factory | Discovered exit to Lower Caves (range 15) 31391 | -7/Factory | Discovered exit to Factory (range 5) 31614 | -7/Factory | Discovered new exit (range 16) 31637 | -7/Factory | Identified exit to Storage 32041 | -7/Factory | Garrison activated, responded to threat 32420 | -7/Factory | Lost 3 parts (3u) 32421 | -7/Factory | Discovered exit to Factory (range 113) 32705 | -7/Factory | Core integrity fell below 50% 32896 | -7/Factory | First assault squad dispatched 33062 | -7/Factory | Fabricated Exp. Sensor Array? 33103 | -7/Factory | Core integrity fell below 20% 33111 | -7/Factory | Released all parts (5) 33142 | -7/Factory | Lost 14 parts (1p2n7u4w) 33221 | -7/Factory | Discovered exit to Storage (range 10) 33384 | -7/Factory | Destroyed by G-50 Soldier with Heavy Laser Last Messages --------------- 33252_ Acquired Arm. Wheel. 33264_ System corrupted: Matter fused (-8). 33267_ Acquired Shock Bomb Launcher. 33271_ ALERT: Significant disruption in Zone 2K, assault force dispatched. 33280_ C-30 ARC bursts open, deploying its payload. 33280_ G-50 Soldier unfolds itself. 33280_ G-47 Trooper unfolds itself. 33280_ M-28 Smith unfolds itself. 33282_ System corrupted: Heat flow error (+249). 33286_ Acquired System Restoration Module. 33292_ System Restoration Module purges 1% system corruption (6%). 33296_ Acquired Imp. Shield Generator. 33320_ K-01 Serf collects debris. 33324_ System Restoration Module purges 1% system corruption (5%). 33328_ K-01 Serf cleans the Nuclear Reactor. 33335_ Acquired 29 matter. 33357_ Acquired 28 matter. 33368_ Acquired Huge Storage Unit. 33371_ System Restoration Module purges 1% system corruption (4%). 33372_ Dropped Imp. Shield Generator. Map ----- +----------------------------------------------------+ | ??????????????????#/ ##"Y # #???? | | ??????????????????# ##"" # #???? | | ???????????????########### ##"" # #???? | | ???????????????# # ## # #???? | | ???????????????# # ## ! # ##### | | ???????????????# # ## # # | | ???????????????# ==# % ?## """# # | | ???????????????# =? ## """# # * | | ???????????????# ![# ?## """# # [ | | ???????????????# =# ## # # [ | | ???????????????# # #####+### # | | ???????????????###########? # | | ?????????????????????????# # | | ?????????????????????????# # | | ?????????????????????????# + | | ?????????????????????????# # """ | | ?????????????????????????# ######### % # """ | | ??????????????????######## #???????# ##### | | ??????????????????# #???????# | | ??????????????????# #???????# | | ?????############## #???????# " | | ?????# # #???????# " | | ?????# """" # #???????# " | | ?????# "F " # ?###################+### | | ?????? """ # # # # | | ?????? """ + #@ # # | | ??????? """ ! # + b # # | | ?????# + # # "" # | | ?????# """ """ # # l # """ # | | ?????# """ """ # #k g # "F # | | ?????# """ """ # ##### # """ # | | ?????#?? #"#???# # "" # | | ????????? #%#???# #?? # | | ????????###########"#???#gg #??####### | | ????????# ####]#####g ! #????????# | | ????????# """ + ![=% +%m #????????# | | ????????# """ ####+##################????????# | | ????????# """ # !#?????????????????????###### | | ????????# ?# """ #?????????????????????# | | ????????# /?# """ #?????????????????????# | | ????????#####??# """ #?????????????????????# " " | | ???????????????# #?????????????????????# " " | | ???????????????# #?????????????????????# " " | | ???????????????########?????????????????????# " " | | ????????????????????????????????????????????# " " | | ????????????????????????????????????????????# " " | | ????????????????????????????????????????????# " " | | ????????????????????????????????????????????# " " | | ????????????????????????????????????????????# " " | | ????????????????????????????????????????????# | +----------------------------------------------------+ Best States ------------- Heat Dissipation 61 Energy Generation 31 Energy Capacity 310 Matter Stores 500 Matter Capacity 500 Sight Range 16 Robot Scan Range 20 Terrain Scan Density 10 Jamming Range 16 Armor Coverage 825 Resistance: KI 30 Resistance: EM 15 Evasion (%) 50 Targeting Accuracy 16 Recoil Reduction 2 Offensive Hacking 20 Defensive Hacking 10 Relay Coupler Types 3 Relay Coupler Value 65 Item Schematics ----------------- Huge Storage Unit | -10/Materials | Hacked Hcp. Storage Unit | -10/Mines | Hacked Hacking Suite | -9/Materials | Scanalyzed Exp. Sensor Array | -9/Materials | Scanalyzed Robot Schematics ------------------ None Fabricated ------------ L-31 Rogue | x3 | -7/Factory | Preloaded Huge Storage Unit | x1 | -7/Factory Exp. Sensor Array | x1 | -7/Factory Alien Tech Used ----------------- None Achievements -------------- None Challenges ------------ None Game ------ Seed SpectralAlloyFilter Manual? 0 Play Time 05:06:09 Cumulative 544.1 hours Start 2022.05.05 @ 19:15:31 End 2022.05.08 @ 12:16:09 Sessions 9 Manual Loads 0 Difficulty Rogue Special Mode None Game No. 177 Rogue 173 Adventurer 4 Explorer 0 Win Type - Total 13 Types 6/2/3/0/0/0/1/1/0 Lore% 83 Gallery% 86 Achievement% 73 Wizard Run 0 Options --------- ASCII 1 Keyboard 0 Movement Arrows Keybinds 0 Fullscreen 1 Font 18/SmallcapsGlow Map View 76x50 Tactical HUD 1 Map Filters NONE Filters NONE Steam 1 RUN: 62d54ebc-e66a-4fc0-8251-aead48b7521c